[ AOE2 MATCH · #507120248 ]
UnrankedWu vs Mongols
Player's team · LOSS
Rival team · WIN
[ REPLAY ANALYSIS · EXTRACTED FROM THE RECORDED GAME ]
Feudal
10:30
Castle
15:10
Imperial
—
| APM avg | 47.1 |
| APM peak | 65 |
| eAPM avg | 20.9 |
| Villagers / military | 24 / 0 |
Focus
⚔️ 38.6% · 🌾 61.4%
Unknown (1974) ×3
Feudal
8:26
Castle
18:45
Imperial
—
| APM avg | 45.0 |
| APM peak | 61 |
| eAPM avg | 21.0 |
| Villagers / military | 34 / 15 |
Focus
⚔️ 36.5% · 🌾 63.5%
Archer ×10 · Militia ×3 · Steppe Lancer ×2
Match map
Initial resources + every placement click. Lines = walls · curves = elevation contours. ◆ gold · ⬟ stone · ● berries · ✦ relic · ◌ wall gap
Your base· Open — unwalled flank
elbanovic's base· Open — 5t gap
Smoothed initial terrain · ◌ = detected wall gap · hover for details
Inputs per minute
— SaintedByArmor - - elbanovic
Build order — SaintedByArmor
85 actions detected in the replay
| 0:00 | Create | Villager (Male) |
| 0:01 | Create | Villager (Male) |
| 0:02 | Build | House |
| 0:03 | Build | House |
| 0:20 | Create | Villager (Male) |
| 0:21 | Create | Villager (Male) |
| 1:35 | Create | Villager (Male) |
| 2:05 | Create | Villager (Male) |
| 2:05 | Create | Villager (Male) |
| 2:16 | Build | Lumber Camp |
| 2:40 | Create | Villager (Male) |
| 2:41 | Create | Villager (Male) |
| 3:16 | Create | Villager (Male) |
| 3:16 | Create | Villager (Male) |
| 3:29 | Build | House |
| 3:30 | Build | House |
| 3:34 | Build | Palisade Wall |
| 4:11 | Create | Villager (Male) |
| 4:49 | Build | Palisade Wall |
| 4:50 | Build | Palisade Wall |
| 4:55 | Build | Palisade Wall |
| 4:55 | Build | Palisade Wall |
| 4:59 | Create | Villager (Male) |
| 5:00 | Create | Villager (Male) |
| 5:14 | Build | Mill |
| 5:40 | Create | Villager (Male) |
| 5:40 | Create | Villager (Male) |
| 5:41 | Create | Villager (Male) |
| 5:41 | Create | Villager (Male) |
| 5:41 | Create | Villager (Male) |
| 5:49 | Research | Loom |
| 7:37 | Build | Mining Camp |
| 7:49 | Build | Palisade Wall |
| 7:50 | Build | Palisade Wall |
| 7:50 | Build | Palisade Wall |
| 7:54 | Build | Palisade Wall |
| 7:58 | Build | Palisade Wall |
| 8:10 | Research | Feudal Age |
| 8:41 | Build | Palisade Wall |
| 8:45 | Build | Palisade Wall |
| 8:48 | Build | Palisade Wall |
| 8:49 | Build | Palisade Wall |
| 8:50 | Build | Palisade Wall |
| 8:54 | Build | Palisade Wall |
| 8:55 | Build | Palisade Wall |
| 8:56 | Build | Palisade Wall |
| 9:10 | Build | Palisade Wall |
| 9:11 | Build | Palisade Wall |
| 9:12 | Build | Palisade Wall |
| 9:12 | Build | Palisade Wall |
| 9:15 | Build | Palisade Wall |
| 9:15 | Build | Palisade Wall |
| 9:16 | Build | Palisade Wall |
| 9:16 | Build | Palisade Wall |
| 9:33 | Build | House |
| 9:46 | Build | Palisade Wall |
| 9:51 | Build | House |
| 10:12 | Create | Villager (Male) |
| 10:30 | Age | Feudal Age |
| 10:42 | Build | Blacksmith |
| 10:48 | Build | Market |
| 11:53 | Build | Watch Tower |
| 12:30 | Research | Castle Age |
| 12:58 | Build | House |
| 13:00 | Build | House |
| 13:09 | Build | Palisade Wall |
| 13:55 | Build | House |
| 14:36 | Build | Barracks |
| 14:52 | Create | Villager (Male) |
| 15:10 | Age | Castle Age |
| 15:10 | Create | Unit 1974 |
| 15:17 | Create | Unit 1974 |
| 15:18 | Create | Unit 1974 |
| 15:26 | Build | Palisade Wall |
| 15:45 | Build | Palisade Wall |
| 15:57 | Build | Farm |
| 15:57 | Build | Farm |
| 16:26 | Build | Farm |
| 16:35 | Create | Villager (Male) |
| 16:53 | Build | Farm |
| 17:03 | Build | Farm |
| 17:36 | Create | Villager (Male) |
| 17:48 | Build | Farm |
| 18:05 | Create | Villager (Male) |
| 18:18 | Build | Castle |
Build order — elbanovic
92 actions detected in the replay
| 0:00 | Create | Villager (Male) |
| 0:01 | Create | Villager (Male) |
| 0:01 | Create | Villager (Male) |
| 0:01 | Create | Villager (Male) |
| 0:02 | Create | Villager (Male) |
| 0:02 | Build | House |
| 0:04 | Build | House |
| 1:28 | Create | Villager (Male) |
| 1:50 | Build | Lumber Camp |
| 1:59 | Create | Villager (Male) |
| 2:22 | Create | Villager (Male) |
| 2:27 | Create | Villager (Male) |
| 2:41 | Create | Villager (Male) |
| 3:26 | Create | Villager (Male) |
| 3:32 | Create | Villager (Male) |
| 3:43 | Build | House |
| 4:08 | Create | Villager (Male) |
| 4:25 | Create | Villager (Male) |
| 4:36 | Create | Villager (Male) |
| 4:42 | Build | Barracks |
| 4:47 | Create | Villager (Male) |
| 5:07 | Research | Loom |
| 5:22 | Build | House |
| 6:00 | Build | Mining Camp |
| 6:02 | Build | Palisade Wall |
| 6:02 | Build | Palisade Wall |
| 6:05 | Research | Feudal Age |
| 6:21 | Create | Militia |
| 6:35 | Create | Militia |
| 6:58 | Create | Militia |
| 7:33 | Create | Villager (Male) |
| 8:26 | Age | Feudal Age |
| 8:27 | Research | Man-at-Arms (upgrade) |
| 8:32 | Build | Archery Range |
| 8:33 | Research | Double-Bit Axe |
| 8:45 | Create | Villager (Male) |
| 9:11 | Create | Villager (Male) |
| 9:14 | Build | House |
| 9:20 | Build | Mill |
| 9:29 | Create | Archer |
| 9:41 | Create | Villager (Male) |
| 9:47 | Create | Archer |
| 9:52 | Build | House |
| 10:04 | Build | Blacksmith |
| 10:18 | Create | Villager (Male) |
| 10:30 | Build | Farm |
| 10:39 | Create | Archer |
| 10:47 | Create | Villager (Male) |
| 10:59 | Create | Archer |
| 11:12 | Create | Villager (Male) |
| 11:14 | Build | Farm |
| 11:32 | Create | Archer |
| 11:37 | Create | Villager (Male) |
| 11:45 | Research | Fletching |
| 11:46 | Research | Fletching |
| 11:52 | Build | Farm |
| 11:54 | Build | Farm |
| 12:03 | Create | Archer |
| 12:14 | Create | Archer |
| 12:25 | Create | Archer |
| 12:25 | Create | Villager (Male) |
| 12:33 | Build | House |
| 12:44 | Create | Villager (Male) |
| 12:54 | Create | Archer |
| 12:57 | Build | Farm |
| 13:04 | Build | Farm |
| 13:08 | Build | House |
| 13:25 | Create | Archer |
| 13:27 | Create | Villager (Male) |
| 13:34 | Create | Villager (Male) |
| 13:55 | Build | Farm |
| 13:56 | Build | Farm |
| 14:02 | Create | Villager (Male) |
| 14:30 | Create | Villager (Male) |
| 14:50 | Build | Market |
| 15:06 | Create | Villager (Male) |
| 15:10 | Build | House |
| 15:30 | Create | Villager (Male) |
| 16:05 | Research | Castle Age |
| 16:31 | Build | House |
| 16:53 | Build | Stable |
| 17:20 | Research | Horse Collar |
| 17:39 | Create | Villager (Male) |
| 17:42 | Research | Gold Mining |
| 17:42 | Research | Gold Mining |
| 17:45 | Research | Bloodlines |
| 18:05 | Build | Farm |
| 18:15 | Research | Forging |
| 18:45 | Age | Castle Age |
| 18:47 | Create | Steppe Lancer |
| 18:48 | Create | Steppe Lancer |
| 18:51 | Create | Villager (Male) |
Match timeline
| 3:34 | SaintedByArmor · wall_segment Palisade Wall x6 |
| 4:42 | elbanovic · first_building Barracks |
| 4:49 | SaintedByArmor · wall_segment Palisade Wall x1 |
| 4:50 | SaintedByArmor · wall_segment Palisade Wall x2 |
| 4:55 | SaintedByArmor · wall_segment Palisade Wall x1 |
| 4:55 | SaintedByArmor · wall_segment Palisade Wall x1 |
| 6:02 | elbanovic · wall_segment Palisade Wall x1 |
| 6:02 | elbanovic · wall_segment Palisade Wall x1 |
| 7:49 | SaintedByArmor · wall_segment Palisade Wall x1 |
| 7:50 | SaintedByArmor · wall_segment Palisade Wall x1 |
| 7:50 | SaintedByArmor · wall_segment Palisade Wall x1 |
| 7:54 | SaintedByArmor · wall_segment Palisade Wall x1 |
| 7:58 | SaintedByArmor · wall_segment Palisade Wall x1 |
| 8:26 | elbanovic · age_up feudal |
| 8:32 | elbanovic · first_building Archery Range |
| 8:41 | SaintedByArmor · wall_segment Palisade Wall x2 |
| 8:45 | SaintedByArmor · wall_segment Palisade Wall x1 |
| 8:48 | SaintedByArmor · wall_segment Palisade Wall x1 |
| 8:49 | SaintedByArmor · wall_segment Palisade Wall x1 |
| 8:50 | SaintedByArmor · wall_segment Palisade Wall x1 |
| 8:54 | SaintedByArmor · wall_segment Palisade Wall x1 |
| 8:55 | SaintedByArmor · wall_segment Palisade Wall x1 |
| 8:56 | SaintedByArmor · wall_segment Palisade Wall x1 |
| 9:10 | SaintedByArmor · wall_segment Palisade Wall x1 |
| 9:11 | SaintedByArmor · wall_segment Palisade Wall x1 |
| 9:12 | SaintedByArmor · wall_segment Palisade Wall x1 |
| 9:12 | SaintedByArmor · wall_segment Palisade Wall x1 |
| 9:15 | SaintedByArmor · wall_segment Palisade Wall x1 |
| 9:15 | SaintedByArmor · wall_segment Palisade Wall x1 |
| 9:16 | SaintedByArmor · wall_segment Palisade Wall x1 |
| 9:16 | SaintedByArmor · wall_segment Palisade Wall x1 |
| 9:46 | SaintedByArmor · wall_segment Palisade Wall x1 |
| 10:30 | SaintedByArmor · age_up feudal |
| 11:35 | SaintedByArmor · first_market_sell 100 stone |
| 12:29 | SaintedByArmor · first_market_buy 100 food |
| 13:09 | SaintedByArmor · wall_segment Palisade Wall x1 |
| 14:36 | SaintedByArmor · first_building Barracks |
| 15:10 | SaintedByArmor · age_up castle |
| 15:26 | SaintedByArmor · wall_segment Palisade Wall x1 |
| 15:45 | SaintedByArmor · wall_segment Palisade Wall x1 |
| 15:58 | elbanovic · first_market_sell 100 stone |
| 16:00 | elbanovic · first_market_buy 100 food |
| 16:53 | elbanovic · first_building Stable |
| 18:18 | SaintedByArmor · first_building Castle |
| 18:45 | elbanovic · age_up castle |
| 18:52 | SaintedByArmor · resign |
[ AI ANALYSIS · 1 CREDIT ]
What really happened in this match?
Wolo.gg analyzes every decision: build order, eco, micro, common mistakes by bracket. Personalized analysis on WhatsApp or Discord in 30 seconds.
Civ guide
Wu
Perfil
SaintedByArmor